 Dungeon Crawl Stone Soup version 0.18.1-2-ga659475 (webtiles) character file.

201 Helmschank the Firebug (level 5, -5/42 HPs)
             Began as a Deep Elf Fire Elementalist on May 7, 2016.
             Killed from afar by Natasha (10 damage)
             ... with a magic dart
             ... on level 3 of the Dungeon.
             The game lasted 00:19:39 (3562 turns).

Helmschank the Firebug (Deep Elf Fire Elementalist) Turns: 3562, Time: 00:19:39

Health: -5/42      AC: 22    Str:  5    XL:     5   Next: 50%
Magic:  13/13      EV:  2    Int: 21    God:
Gold:   160        SH:  0    Dex: 15    Spells: 3 memorised, 4 levels left

rFire  . . .     SeeInvis .     d - +1 short sword
rCold  . . .     Gourm    .     (armour currently unavailable)
rNeg   + + +     Faith    .     (no shield)
rPois  +         Spirit   .     (helmet currently unavailable)
rElec  .         Dismiss  .     (cloak currently unavailable)
rCorr  .         Reflect  .     (gloves currently unavailable)
SustAt .         Harm     .     (boots currently unavailable)
MR     .....     NoTele   +     (no amulet)
Stlth  +++.......               (no ring)
                                (no ring)

@: tree-form, slowed, very slow, not resistant to hostile enchantments, fairly
stealthy
A: no striking features
a: no special abilities


You were on level 3 of the Dungeon.
You were not hungry.
You were a tree.
You visited 1 branch of the dungeon, and saw 4 of its levels.

You collected 160 gold pieces.

Inventory:

Hand Weapons
 d - a +1 short sword (weapon)
 n - a +0 quarterstaff
Missiles
 i - 72 stones (quivered)
Armour
 a - a +0 robe (melded)
 q - a +0 pair of gloves (melded)
Jewellery
 r - an uncursed ring of sustain attributes {unknown}
Scrolls
 f - 3 scrolls of random uselessness {unknown}
 g - a scroll of blinking
 l - 5 scrolls of identify
Potions
 e - 3 potions of lignification
 j - a potion of agility
Books
 b - a book of Flames

   Spells                             Type                      Level
   a - Flame Tongue                   Conjuration/Fire             1
   b - Throw Flame                    Conjuration/Fire             2
   c - Conjure Flame                  Conjuration/Fire             3
   d - Inner Flame                    Hexes/Fire                   3
   e - Sticky Flame                   Conjuration/Fire             4
   f - Fireball                       Conjuration/Fire             5
Comestibles
 c - 4 bread rations
 m - 2 meat rations
 t - a beef jerky


   Skills:
 - Level 3.5 Dodging
 - Level 2.4 Stealth
 - Level 4.2 Spellcasting
 * Level 3.9 Conjurations
 * Level 4.4 Fire Magic


You had 4 spell levels left.
You knew the following spells:

 Your Spells              Type           Power        Failure   Level  Hunger
h - Conjure Flame         Conj/Fire      ###.....     10%         3    ###....
s - Sticky Flame          Conj/Fire      ###.....     24%         4    ####...
z - Flame Tongue          Conj/Fire      ###..        1%          1    None


Dungeon Overview and Level Annotations

Branches:
Dungeon (4/15)
 Temple: D:4-7

Altars:
Ashenzari
Cheibriados
Gozag
Kikubaaqudgha
Qazlal

Annotations:
D:3 Natasha


Message History

Natasha mumbles some strange words.
Read which item? (? for menu, Esc to quit)
As you read the scroll labeled XUIRUIMI TETRU, it crumbles to dust.
You feel momentarily disoriented.
It was a scroll of magic mapping.
Natasha claws you but does no damage.
The crimson imp blinks!
Natasha claws you but does no damage.
Read which item? (? for menu, Esc to quit)
As you read the scroll labeled PULIMIKALA, it crumbles to dust.
You hear a loud clanging noise!
It was a scroll of noise.
You hear a shout!
Natasha casts a spell at you. The magic dart hits you!
Read which item? (? for menu, Esc to quit)
As you read the scroll labeled MAHOEPS HUTESH, it crumbles to dust.
You cannot teleport because you are held in place by your roots.
It was a scroll of blinking.
Natasha stares at you and mumbles some strange words.
The magic dart hits you!
You die...

############### #.# #####
#.........# #.# ##...##
#.#######.## #.#####.....# #.#
#####..## #...........# #.#
#.......# ##..####.....# # #.#
#.###..## ##...#####...### #
#.###.###..# #.....##.......# #
#..........#####.5..##.......#
#####.####...♣h...#.##.......#
#.# ########...##........
####.##### #.####.......#
#........# ##'## #.......#
#.##.###.## ##...###.......# ##
#.##......# ##.....########.. .#
#.........###.....>.## ##..#
.########÷..#.##.........####...#
...............h.........'.......


You could see Natasha and a crimson imp.

Vanquished Creatures
  Natasha (twice) (D:3)
  A worker ant (D:4)
  5 adders
  An ooze (D:2)
  3 worms
  5 giant geckos
  9 bats
  5 giant cockroaches
  8 hobgoblins
  11 jackals
  A quokka (D:3)
  5 giant newts
  3 goblins
  4 kobolds
  7 rats
70 creatures vanquished.

Notes
Turn   | Place    | Note
--------------------------------------------------------------
     0 | D:1      | Helmschank the Deep Elf Fire Elementalist began the quest for the Orb.
     0 | D:1      | Reached XP level 1. HP: 10/10 MP: 6/6
   315 | D:1      | Reached XP level 2. HP: 15/15 MP: 5/8
   845 | D:2      | Reached XP level 3. HP: 19/19 MP: 4/9
  1087 | D:2      | Found a shattered altar of Ashenzari.
  1306 | D:2      | Learned a level 3 spell: Conjure Flame
  1352 | D:2      | Found an ancient bone altar of Kikubaaqudgha.
  1513 | D:2      | Found a stormy altar of Qazlal.
  1515 | D:2      | Found a snail-covered altar of Cheibriados.
  1683 | D:3      | Reached XP level 4. HP: 13/24 MP: 2/11
  2014 | D:3      | Noticed Natasha
  2024 | D:3      | Killed Natasha
  2122 | D:3      | Noticed Natasha
  2174 | D:3      | Killed Natasha
  2174 | D:3      | Reached XP level 5. HP: 28/28 MP: 7/13
  2247 | D:3      | Learned a level 4 spell: Sticky Flame
  3434 | D:4      | Found an opulent altar of Gozag.
  3546 | D:3      | Noticed Natasha
  3562 | D:3      | Killed from afar by Natasha

Skill      XL: |  1  2  3  4 |
---------------+-------------+-----
Conjurations   | 2 3 |  3.9
Fire Magic     | 4 |  4.4
Dodging        | 3 |  3.5
Spellcasting   | 4 |  4.2
Stealth        | |  2.4

Action                   |  1- 3 |  4- 6 || total
-------------------------+-------+-------++-------
Throw: Stone             |    27 |    26 ||    53
 Cast: Flame Tongue      |    78 |    53 ||   131
       Conjure Flame     |       |     2 ||     2
       Sticky Flame      |       |     1 ||     1
  Use: Scroll            |       |     8 ||     8
       Potion            |       |     1 ||     1
  Eat: Chunk             |     2 |     6 ||     8
Armor: Robe              |     5 |     1 ||     6
       Skin              |       |     3 ||     3
Dodge: Dodged            |    17 |    11 ||    28
